 Dungeon Crawl Stone Soup version 0.25-a0-707-g603da076d2 (webtiles) character file.

Game seed: 5530034406201288640, levelgen mode: deterministic

7478 Flugslaktarn the Cleaver (level 10, -2/94 HPs)
             Began as a Deep Dwarf Fighter on Apr 4, 2020.
             Was a Priest of Makhleb.
             Slain by a killer bee (4 damage)
             ... on level 10 of the Dungeon.
             The game lasted 00:04:54 (6498 turns).

Flugslaktarn the Cleaver (Deep Dwarf Fighter)       Turns: 6498, Time: 00:04:54

Health: -2/94      AC: 18    Str: 23    XL:     10   Next: 94%
Magic:  3/3        EV:  5    Int:  9    God:    Makhleb [***...]
Gold:   153        SH: 11    Dex: 12    Spells: 9/9 levels left

rFire    . . .     SeeInvis +   a - +0 war axe
rCold    . . .     Gourm    .   c - +0 kite shield
rNeg     . . .     Faith    .   n - +0 plate armour {MR+}
rPois    .         Spirit   .   B - +0 helmet
rElec    .         Reflect  .   (no cloak)
rCorr    .         Harm     .   (no gloves)
MR       ++...                  (no boots)
Stlth    ..........             u - amulet of rage
HPRegen  0.00/turn              i - ring of see invisible
MPRegen  0.08/turn              p - +3 ring of protection

@: lethally poisoned (-2 -> -48), non-regenerating
A: damage resistance, heal wounds, sense surroundings 2, no regeneration
a: Heal Wounds, Minor Destruction, Lesser Servant of Makhleb, Renounce Religion,
Evoke Berserk Rage


You were on level 10 of the Dungeon.
You worshipped Makhleb.
Makhleb was most pleased with you.
You were not hungry.

You visited 2 branches of the dungeon, and saw 11 of its levels.

You collected 461 gold pieces.
You spent 308 gold pieces at shops.

Inventory:

Hand Weapons
 a - a +0 war axe (weapon)
Armour
 b - a +0 scale mail
 c - a +0 kite shield (worn)
 n - a +0 plate armour of magic resistance (worn)
   (You found it on level 7 of the Dungeon)
 B - a +0 helmet (worn)
   (You found it on level 10 of the Dungeon)
Jewellery
 i - a ring of see invisible (left hand)
   (You found it on level 10 of the Dungeon)
 p - a +3 ring of protection (right hand)
   (You found it on level 6 of the Dungeon)
 u - an amulet of rage (around neck)
   (You found it on level 9 of the Dungeon)
 y - a +3 ring of dexterity
   (You found it on level 7 of the Dungeon)
 E - the ring "Duhau" {*Slow +Blink +Fly SInv, unknown}
   (You found it on level 10 of the Dungeon)

   [ring of see invisible]

   It lets you see invisible.
   It lets you fly.
   It lets you blink.
   It may slow you when you take damage.
Wands
 f - a wand of paralysis (7)
   (You found it on level 10 of the Dungeon)
 g - a wand of iceblast (7)
   (You found it on level 9 of the Dungeon)
 C - a wand of acid (8)
   (You found it on level 10 of the Dungeon)
Scrolls
 k - a scroll of torment {unknown}
 r - a scroll of identify
 t - 2 scrolls of teleportation
 x - 8 scrolls of remove curse
 z - a scroll of blinking
 F - a scroll of immolation {unknown}
Potions
 d - 3 potions of might
 h - 2 potions of flight {unknown}
 j - a potion of magic
 l - a potion of invisibility
 m - 3 potions of lignification
 o - 4 potions of brilliance
 q - 4 potions of curing
 s - 2 potions of haste
 v - 2 potions of stabbing {unknown}
 w - 3 potions of heal wounds
 A - a potion of ambrosia {unknown}
Comestibles
 e - 8 rations
 D - 14 chunks of flesh


   Skills:
 + Level 7.1 Fighting
 * Level 11.3 Axes
 + Level 8.6 Armour
 + Level 8.4 Shields
 + Level 6.9 Invocations


You had 9 spell levels left.
You didn't know any spells.
Your spell library was empty.

Dungeon Overview and Level Annotations

Branches:
Dungeon (10/15)            Temple (1/1) D:4            Lair (0/6) D:10
    Orc: D:9-12

Altars:
Ashenzari
Cheibriados
Dithmenos
Elyvilon
Fedhas
Gozag
Hepliaklqana
Kikubaaqudgha
Makhleb
Nemelex Xobeh
Okawaru
Qazlal
Ru
Sif Muna
Trog
Uskayaw
Vehumet
Wu Jian
Xom
Yredelemnul
Zin
The Shining One

Shops:
D:8 !   D:10 =

Annotations:
D:3 2 transporters, Scuka's ghost, amateur HuAK
D:10 2 transporters, Hasart's ghost, novice DgEE


Innate Abilities, Weirdness & Mutations

You are resistant to damage.
You can heal yourself by infusing magical energy.
You passively map the area around you.
You do not regenerate.


Message History

The killer bee rages.
You block the killer bee's attack. The killer bee stings you.
You are more poisoned.
The killer bee poisons you!
You fail to use your ability.
* * * LOW HITPOINT WARNING * * *
You feel very sick. You block the killer bee's attack.
The killer bee stings you.
* * * LOW HITPOINT WARNING * * *
You block the killer bee's attack.
The killer bee stings you but does no damage. x2
The killer bee stings you.
* * * LOW HITPOINT WARNING * * *
The killer bee stings you but does no damage.
The killer bee stings you.
* * * LOW HITPOINT WARNING * * *
You are more poisoned.
The killer bee poisons you! You block the killer bee's attack.
The killer bee stings you.
You die...

...##...#######..#
.........., #....#######
.......... #...##.....##
.......... #...#.......#
#..###...#* #...##......#
#..###+######...##......#
.....# .........y......#
.....# ,.....>.yyy.....#
.....#,,.......y@yyy...#
##..## *.####...##y....#
##..####(# #...##.>...#
.......... ............# *
......................... *
.....................#.##.,
##.................####.
##.................# #. ,
##....#### ,, , * * *,


You could see a queen bee and 8 killer bees.

Vanquished Creatures
  2 two-headed ogres
  A gargoyle (D:9)
  A troll (D:9)
  A slime creature (D:8)
  A hippogriff (D:10)
  A wraith (D:9)
  2 wyverns
  Eustachio (D:6)
  2 hungry ghosts (D:9)
  Menkaure (D:7)
  Duvessa (D:6)
  2 orc warriors
  4 ice beasts
  A swamp drake (D:10)
  2 sky beasts
  An eye of draining (D:7)
  2 phantoms
  3 ogres
  2 necrophages (D:8)
  A centaur (D:7)
  4 crocodiles
  Dowan (D:6)
  6 scorpions
  7 killer bees
  3 wights (D:10)
  2 crimson imps
  2 centaur zombies
  2 quasits
  9 orc priests
  6 jellies
  5 hounds
  4 iguanas
  6 orc wizards
  7 worker ants
  A hound zombie (D:8)
  2 mummies (D:8)
  2 hound skeletons (D:7)
  A worker ant zombie (D:4)
  8 adders
  3 shadow imps
  17 oozes
  2 adder zombies
  3 adder skeletons
  2 worms (D:3)
  4 dart slugs
  A leopard gecko (D:7)
  41 orcs
  3 giant cockroaches
  5 goblins
  6 hobgoblins
  6 jackals
  A quokka (D:7)
  2 ball pythons
  8 bats
  7 frilled lizards
  A giant cockroach zombie (D:5)
  4 kobolds
  A rat (D:2)
227 creatures vanquished.

Vanquished Creatures (others)
  An orc (D:10)
  5 fungi (D:8)
6 creatures vanquished.

Grand Total: 233 creatures vanquished

Notes
Turn   | Place    | Note
-------+----------+-------------------------------------------
     0 | D:1      | Flugslaktarn the Deep Dwarf Fighter began the quest for the
                  | Orb.
     0 | D:1      | Reached XP level 1. HP: 20/20 MP: 1/1
   111 | D:1      | Reached XP level 2. HP: 27/27 MP: 2/2
   388 | D:2      | Reached skill level 3 in Axes
   408 | D:2      | Reached XP level 3. HP: 33/33 MP: 3/3
   462 | D:3      | Reached XP level 4. HP: 39/42 MP: 4/4
   551 | D:3      | Reached skill level 4 in Axes
   551 | D:3      | Reached XP level 5. HP: 36/49 MP: 5/5
   596 | D:3      | Noticed Scuka's ghost (amateur HuAK)
   609 | D:3      | Found a transporter.
   752 | D:4      | You fall into a shaft and drop 1 floor!
   752 | D:5      | Entered Level 5 of the Dungeon
   796 | D:5      | Reached XP level 6. HP: 38/56 MP: 6/6
   901 | D:4      | Found a radiant altar of Vehumet.
  1058 | D:3      | Reached skill level 5 in Axes
  1220 | D:3      | Found a transporter.
  1596 | D:4      | Found a staircase to the Ecumenical Temple.
  1651 | D:4      | Reached XP level 7. HP: 25/64 MP: 4/4
  1666 | Temple   | Entered the Ecumenical Temple
  1955 | D:4      | Found a glowing golden altar of the Shining One.
  2009 | D:4      | Reached skill level 5 in Armour
  2374 | D:5      | Reached skill level 6 in Axes
  2374 | D:5      | Reached skill level 5 in Shields
  2796 | D:6      | Reached XP level 8. HP: 42/73 MP: 4/4
  2915 | D:6      | Noticed Eustachio
  2993 | D:6      | Killed Eustachio
  2993 | D:6      | Reached skill level 7 in Axes
  3086 | D:6      | Noticed Dowan
  3094 | D:6      | Killed Dowan
  3095 | D:6      | Noticed Duvessa
  3110 | D:6      | Killed Duvessa
  3136 | D:6      | Reached skill level 5 in Fighting
  3140 | D:6      | Found a burning altar of Makhleb.
  3227 | D:6      | Became a worshipper of Makhleb the Destroyer
  3261 | D:7      | Found a shattered altar of Ashenzari.
  3356 | D:7      | Reached skill level 1 in Invocations
  3420 | D:7      | Reached skill level 8 in Axes
  3483 | D:7      | Noticed Menkaure
  3492 | D:7      | Killed Menkaure
  3816 | D:7      | Gained mutation: You passively map the area around you.
                  | [Deep Dwarf growth]
  3816 | D:7      | Reached XP level 9. HP: 31/81 MP: 4/4
  4074 | D:8      | Reached * piety under Makhleb
  4140 | D:8      | Reached skill level 9 in Axes
  4180 | D:8      | Found Pofoc's Distillery.
  4189 | D:8      | Bought a potion of haste for 110 gold pieces
  4189 | D:8      | Bought 2 potions of might for 88 gold pieces
  4189 | D:8      | Bought a potion of heal wounds for 55 gold pieces
  4189 | D:8      | Bought a potion of heal wounds for 55 gold pieces
  4282 | D:8      | Found a hazy altar of Hepliaklqana.
  4312 | D:8      | Found an opulent altar of Gozag.
  4453 | D:8      | Noticed a two-headed ogre
  4480 | D:8      | Killed a two-headed ogre
  4618 | D:8      | Found a shimmering blue altar of Sif Muna.
  4722 | D:8      | Reached ** piety under Makhleb
  4732 | D:8      | Reached skill level 5 in Invocations
  4741 | D:8      | Reached XP level 10. HP: 72/91 MP: 2/2
  5042 | D:9      | Noticed a gargoyle
  5055 | D:9      | Killed a gargoyle
  5055 | D:9      | Reached skill level 10 in Axes
  5587 | D:9      | Found a stormy altar of Qazlal.
  5830 | D:10     | Entered Level 10 of the Dungeon
  5839 | D:10     | Found a transporter.
  5841 | D:10     | Found a transporter.
  5842 | D:10     | Noticed a two-headed ogre
  5844 | D:10     | Noticed Hasart's ghost (novice DgEE)
  5845 | D:10     | Noticed a cyclops
  5846 | D:10     | Found a bloodstained altar of Trog.
  5846 | D:10     | Noticed a two-headed ogre
  5846 | D:10     | Noticed a moth of wrath
  6040 | D:10     | Reached *** piety under Makhleb
  6052 | D:10     | Noticed a two-headed ogre
  6065 | D:10     | Killed a two-headed ogre
  6065 | D:10     | Reached skill level 11 in Axes
  6186 | D:10     | Found Vuoheibb's Jewellery Emporium.
  6216 | D:10     | Got a smoking bronze ring
  6375 | D:10     | Found a staircase to the Lair.
  6498 | D:10     | HP: 2/94 [killer bee (4)]
  6498 | D:10     | Slain by a killer bee

Levels and vault maps discovered:
D:1:      erik_arrival_cave_to_civilisation [erik_arrival_cave_to_hall],
          layout_basic
D:2:      layout_rooms, overflow_temple_1_default
D:3:      layout_basic, gammafunk_ghost_stat_death, first_ration
D:4:      layout_loops_corners, nicolae_tso_carved_into_rock,
          kennysheep_mini_moat, minmay_temple_entry_steel_oval
D:5:      layout_cave_pools, minivault_24
D:6:      layout_rooms, minmay_splitting_lines, makhleb_heckhound_becter,
          uniq_duvessa, uniq_eustachio
D:7:      layout_loops_ring, ashenzari_altar_1, uniq_menkaure
D:8:      lemuel_slime, layout_basic, lemuel_crystal_altar, lemuel_doored_altar,
          lemuel_coloured_pillars_altar, serial_shops, nicolae_shop_trees,
          serial_undead, serial_undead_e, serial_undead_c, serial_undead_a,
          serial_undead_f
D:9:      layout_cross, basic_altar
D:10:     layout_gridville, erik_lair_dragon, serial_shops, shop,
          gammafunk_ghost_wrathful_warriors, david_nohive_1
Temple:   regret_index_temple_generic_petals

Skill      XL: |  1  2  3  4  5  6  7  8  9 10 |
---------------+-------------------------------+-----
Axes           | 3 4 5 6 8 9 11 | 11.3
Fighting       | 3 4 5 6 7 |  7.1
Armour         | 4 5 6 7 8 |  8.6
Shields        | 4 5 6 7 8 |  8.4
Invocations    | 2 5 6 |  6.9

Action                   |  1- 3 |  4- 6 |  7- 9 | 10-12 || total
-------------------------+-------+-------+-------+-------++-------
Melee: War axe           |    82 |   158 |   525 |   279 ||  1044
 Abil: Heal Wounds       |       |     6 |    26 |     4 ||    36
  Use: Scroll            |       |       |    11 |       ||    11
 Stab: Confused          |       |       |       |     1 ||     1
  Eat: Chunk             |       |     3 |     7 |     7 ||    17
       Ration            |       |       |     1 |     3 ||     4
Armor: Scale mail        |    48 |    71 |   113 |       ||   232
       Plate armour      |       |       |   196 |   193 ||   389
Dodge: Dodged            |    29 |    44 |   123 |    71 ||   267
Block: Kite shield       |    52 |    79 |   362 |   214 ||   707

Table legend:
 A = Non-vault XP
 B = Vault XP
 C = Vault XP percentage of total XP
 D = Non-vault monster count
 E = Vault monster count
 F = Vault count percentage of total count
                 A         B        C        D         E       F
            +---------+---------+-------+---------+---------+-------
      Total |    8510 |    2173 |  20.3 |     190 |      38 |  16.7
            +---------+---------+-------+---------+---------+-------
        D:1 |      36 |       0 |   0.0 |      17 |       0 |   0.0
        D:2 |      52 |       0 |   0.0 |       9 |       0 |   0.0
        D:3 |     242 |       0 |   0.0 |      31 |       0 |   0.0
        D:4 |     390 |       0 |   0.0 |      19 |       0 |   0.0
        D:5 |     321 |       0 |   0.0 |      20 |       0 |   0.0
        D:6 |     521 |     456 |  46.7 |      13 |       4 |  23.5
        D:7 |     736 |     172 |  18.9 |      15 |       1 |   6.2
        D:8 |    1897 |     810 |  29.9 |      26 |      26 |  50.0
        D:9 |    2500 |       0 |   0.0 |      25 |       0 |   0.0
       D:10 |    1815 |     735 |  28.8 |      15 |       7 |  31.8
            +---------+---------+-------+---------+---------+-------
